 Dungeon Sprint DCSS version 0.18-a0-1229-ge9a1a01 (webtiles) character file.

1369 Winamp the Blocker (level 8, -11/72 HPs)
             Began as a Demonspawn Fighter on Feb 4, 2016.
             Was an Elder of Cheibriados.
             Mangled by a skeletal warrior
             ... wielding a cursed -3 war axe
              (14 damage)
             ... in the Dungeon (Sprint IX: "|||||||||||||||||||||||||||||").
             The game lasted 00:01:31 (407 turns).

Winamp the Blocker (Demonspawn Fighter)              Turns: 407, Time: 00:01:31

Health: -11/72     AC: 18    Str: 32    XL:     8   Next: 38%
Magic:  8/9        EV: 13    Int: 19    God:    Cheibriados [****..]
Gold:   0          SH: 14    Dex: 22    Spells: 0 memorised, 7 levels left

rFire  . . .     SeeInvis .     a - +0 long sword
rCold  . . .     Gourm    .     r - +0 plate armour
rNeg   . . .     Faith    .     c - +0 shield
rPois  .         Spirit   .     (no helmet)
rElec  .         Dismiss  .     q - +0 cloak
rCorr  .         Reflect  .     p - +0 pair of gloves
SustAt .         Harm     .     (no boots)
MR     .....     NoTele   +     (no amulet)
Stlth  ..........               (no ring)
                                t - +2 ring of evasion

@: mighty, very slow, not resistant to hostile enchantments, extremely
unstealthy
A: talons 1, rugged brown scales 2, spiny 1, rot immunity
a: Bend Time, Temporal Distortion, Slouch, Renounce Religion


You were in the Dungeon.
You worshipped Cheibriados.
Cheibriados was greatly pleased with you.
You were not hungry.

You visited 1 branch

Inventory:

Hand Weapons
 a - a +0 long sword (weapon)
Armour
 b - a +0 scale mail
 c - a +0 shield (worn)
 p - a +0 pair of gloves (worn)
 q - a +0 cloak (worn)
 r - a +0 plate armour (worn)
Jewellery
 s - a +3 ring of intelligence
 t - a +2 ring of evasion (left hand)
Wands
 o - a wand of acid (4/15)
Scrolls
 k - 2 scrolls of blinking
 m - 3 scrolls of remove curse
 n - 2 scrolls of amnesia
Potions
 e - a potion of invisibility
 g - a potion of heal wounds
 h - a potion of haste
 i - 4 potions of magic
 j - a potion of berserk rage
 l - 4 potions of curing
Comestibles
 f - a bread ration


   Skills:
 + Level 8.6 Fighting
 * Level 9.0 Long Blades
 + Level 7.5 Armour
 + Level 4.6 Dodging
 + Level 9.9 Shields
 + Level 1.9 Evocations


You had 7 spell levels left.
You didn't know any spells.

Dungeon Overview and Level Annotations

Branches:
Dungeon (1/1)

Altars:
Cheibriados
Dithmenos
Elyvilon
Fedhas
Gozag
Kikubaaqudgha
Makhleb
Nemelex Xobeh
Okawaru
Pakellas
Qazlal
Ru
Sif Muna
Trog
Vehumet
Xom
Yredelemnul
Zin
The Shining One
Beogh
Jiyva
Lugonu


Innate Abilities, Weirdness & Mutations

You have sharp toenails.
You are mostly covered in rugged brown scales (AC +2, +5% HP).
You are partially covered in sharp spines.
You are immune to rotting.


Message History

You closely miss the skeletal warrior.
You claw the skeletal warrior, but do no damage.
The skeletal warrior is moderately damaged.
You block the skeletal warrior's attack.
Unknown command.
You closely miss the skeletal warrior. You claw the skeletal warrior.
The skeletal warrior is heavily damaged.
You block the skeletal warrior's attack.
Unknown command.
Your shield and plate armour prevent you from hitting the skeletal warrior.
Your kick misses the skeletal warrior.
The skeletal warrior is heavily damaged.
The skeletal warrior hits you with a war axe.
* * * LOW HITPOINT WARNING * * *
You barely miss the skeletal warrior.
You claw the skeletal warrior, but do no damage.
The skeletal warrior is heavily damaged.
The skeletal warrior is struck by your spines.
The skeletal warrior hits you with a war axe!
You die...

▓.▓
▓.▓
▓.▓
▓.▓
▓†▓
▓Z▓
▓o▓
▓z▓
▓@▓
▓.▓
▓.▓
▓)▓
▓.▓
▓.▓
▓.▓
▓.▓
▓.▓


You could see a skeletal warrior, an orc and a bat zombie.

Vanquished Creatures
  A centaur warrior (D)
  An ugly thing (D)
  An orc warrior (D)
  2 giant frogs (D)
  A scorpion (D)
  A gnoll (D)
  2 adders (D)
  An adder zombie (D)
  2 orcs (D)
  A ball python (D)
  A goblin (D)
  2 jackals (D)
  A quokka (D)
  A giant newt (D)
  A rat (D)
19 creatures vanquished.

Notes
Turn   | Place    | Note
--------------------------------------------------------------
     0 | D        | Winamp the Demonspawn Fighter began the quest for the Orb.
     0 | D        | Reached XP level 1. HP: 18/18 MP: 1/1
    24 | D        | Noticed a scorpion
    31 | D        | Gained mutation: You are partially covered in sharp spines. [demonic ancestry]
    31 | D        | Reached XP level 2. HP: 21/25 MP: 2/2
    47 | D        | Killed a scorpion
    47 | D        | Reached skill level 4 in Fighting
    47 | D        | Reached skill level 1 in Dodging
    47 | D        | Gained mutation: You are partially covered in rugged brown scales (AC +1, +3% HP). [demonic ancestry]
    47 | D        | Reached XP level 3. HP: 3/32 MP: 3/3
    52 | D        | Reached XP level 4. HP: 8/39 MP: 4/4
   225 | D        | Found a glowing silver altar of Zin.
   225 | D        | Found a glowing golden altar of the Shining One.
   225 | D        | Found an ancient bone altar of Kikubaaqudgha.
   225 | D        | Found a basalt altar of Yredelemnul.
   225 | D        | Found a shimmering altar of Xom.
   225 | D        | Found a radiant altar of Vehumet.
   226 | D        | Found an iron altar of Okawaru.
   227 | D        | Found a burning altar of Makhleb.
   228 | D        | Found a deep blue altar of Sif Muna.
   229 | D        | Found a bloodstained altar of Trog.
   230 | D        | Found a sparkling altar of Nemelex Xobeh.
   231 | D        | Found a white marble altar of Elyvilon.
   232 | D        | Found a roughly hewn altar of Beogh.
   233 | D        | Found a viscous altar of Jiyva.
   234 | D        | Found a corrupted altar of Lugonu.
   235 | D        | Found a blossoming altar of Fedhas.
   236 | D        | Found a snail-covered altar of Cheibriados.
   237 | D        | Found a shadowy altar of Dithmenos.
   238 | D        | Found a stormy altar of Qazlal.
   239 | D        | Found an opulent altar of Gozag.
   240 | D        | Found a sacrificial altar of Ru.
   241 | D        | Found an oddly glowing altar of Pakellas.
   244 | D        | Became a worshipper of Cheibriados the Contemplative
   292 | D        | Noticed a giant frog
   292 | D        | Noticed an orc warrior
   296 | D        | Reached skill level 5 in Fighting
   296 | D        | Reached skill level 5 in Shields
   296 | D        | Reached * piety under Cheibriados
   312 | D        | Killed an orc warrior
   312 | D        | Reached skill level 6 in Fighting
   312 | D        | Reached skill level 5 in Armour
   312 | D        | Gained mutation: You are mostly covered in rugged brown scales (AC +2, +5% HP). [demonic ancestry]
   312 | D        | Reached XP level 5. HP: 37/48 MP: 5/5
   316 | D        | Reached ** piety under Cheibriados
   365 | D        | Noticed a skeletal warrior
   365 | D        | Noticed a centaur warrior
   365 | D        | Noticed a brown ugly thing
   375 | D        | Reached *** piety under Cheibriados
   375 | D        | Reached skill level 5 in Long Blades
   375 | D        | Reached skill level 7 in Shields
   375 | D        | Reached XP level 6. HP: 42/55 MP: 6/6
   387 | D        | Killed a brown ugly thing
   387 | D        | Reached skill level 9 in Shields
   387 | D        | Reached skill level 1 in Evocations
   387 | D        | Gained mutation: You are immune to rotting. [demonic ancestry]
   387 | D        | Reached XP level 7. HP: 22/64 MP: 7/7
   394 | D        | Killed a centaur warrior
   394 | D        | Reached **** piety under Cheibriados
   394 | D        | Gained mutation: You have sharp toenails. [demonic ancestry]
   394 | D        | Reached XP level 8. HP: 18/72 MP: 7/9
   403 | D        | HP: 3/72 [skeletal warrior/war axe (15)]
   407 | D        | Mangled by a skeletal warrior

Vault maps used:
D:        linesprint

Action                   |  1- 3 |  4- 6 |  7- 9 || total
-------------------------+-------+-------+-------++-------
Melee: Long sword        |    39 |    37 |    20 ||    96
Evoke: Wand              |       |     3 |       ||     3
  Use: Potion            |     1 |     3 |       ||     4
